[Event "Chessable English Womens-ch 2022"]
[Site "Kenilwoth"]
[Date "2022.05.22"]
[Round "7.2"]
[White "Yao, Lan"]
[Black "Sengenberger, Sara"]
[Result "1-0"]
[ECO "B27"]
[WhiteElo "2276"]
[BlackElo "1435"]
[Annotator "TA"]
[PlyCount "115"]
[EventDate "2022.05.18"]
[EventType "swiss"]
[EventCountry "ENG"]
[SourceTitle "playchess.com"]
[Source "ChessBase"]
[SourceQuality "1"]
[TimeControl "5400+30"]

1. e4 c5 2. Nf3 g6 3. c3 Bg7 4. d4 cxd4 5. cxd4 d5 6. e5 Nc6 7. Bb5 $1 {[%emt 0:02:26][%mdl 4] outshines the older 7.Nc3. B27: Sicilian: 2 Nf3, unusual Black 2nd moves.} Bd7 8. Nc3 a6 9. Ba4 {[%emt 0:04:50] White is slightly better.} e6 10. O-O {[%emt 0:01:19] [#]} (10. h4) 10... f6 $146 (10... Nge7 11. Bc2 h6 12. b3 O-O 13. Bb2 b5 14. Qd2 Qb6 15. Ne2 Rfc8 16. h4 Qa5) (10... Nge7 $11 {remains equal.}) ({Predecessor:} 10... Nge7 11. Bc2 h6 12. b3 O-O 13. Bb2 b5 14. Qd2 Qb6 15. Ne2 Rfc8 16. h4 Qa5 {1-0 (41) Breder,D (2461)-Koop,T (2418) Austria 2015}) 11. exf6 (11. Re1 $1 $16) 11... Nxf6 $11 12. Bg5 O-O 13. Qd2 (13. Bxc6 $5 Bxc6 14. Qd2 $11) 13... b5 14. Bc2 Qb6 15. Rad1 Rae8 (15... b4 $5 16. Na4 Qc7 $11) 16. Bh6 e5 (16... Qb8 $11 {keeps the balance.} 17. Bxg7 Kxg7) 17. dxe5 $16 Nxe5 18. Nxe5 (18. Nxd5 $6 Nxd5 19. Bb3 (19. Qxd5+ Be6 $17) 19... Nxf3+ 20. gxf3 Bxh6 21. Qxh6 Be6 $1 22. Bxd5 Bxd5 23. Rxd5 Qe6 $11) 18... Rxe5 19. Be3 Qb7 20. Bd4 Ree8 21. Bxf6 (21. b4 $16) 21... Bxf6 $14 22. Nxd5 Bg7 23. f3 Kh8 24. Be4 Bc6 25. Nc3 Qb6+ 26. Kh1 Rd8 27. Qc2 Bxe4 (27... b4 $14 28. Nd5 Qb5) 28. Nxe4 $16 ({But not} 28. fxe4 $6 Rxf1+ 29. Rxf1 Qc5 $11) 28... Rxd1 29. Rxd1 (29. Qxd1 $6 Bxb2 30. Qd2 Bg7 $11) 29... Rd8 30. Re1 h6 31. b4 Re8 32. Rc1 Qe6 33. Qd2 Rc8 34. Nc5 (34. Rc5 $16) 34... Qf6 35. Rd1 Kh7 36. Qd7 Qc6 37. h3 {[%emt 0:04:35] Black must now prevent Ne6. White is much more active.} Qxd7 38. Rxd7 {[%emt 0:00:05][%mdl 4096] Endgame KRB-KRN} (38. Nxd7 $6 Rc2 $11) 38... Kg8 39. f4 ({Don't play} 39. Nxa6 $6 Rc1+ 40. Kh2 Be5+ 41. g3 (41. f4 Bxf4+ 42. g3 Rc2+ 43. Kg1 Bxg3 $15) 41... Rc2+ 42. Kg1 Bxg3 $11) 39... Rc6 $2 {[%emt 0:00:56] [#] Loses the game.} (39... a5 $16) 40. Ra7 $1 $18 Bc3 41. Rxa6 Rxa6 (41... Rc8 42. Rxg6+ Kh7) 42. Nxa6 {[%emt 0:00:02] KB-KN} Kf7 43. Kh2 Kf6 (43... Be1 $142 44. g3 Ke8 45. Nc7+ Kd7) 44. Kg3 Kf5 45. Kf3 {[%emt 0:00:09] Strongly threatening Nc7.} Bd2 46. g4+ Kf6 47. Nc7 h5 48. a3 hxg4+ 49. hxg4 {[%emt 0:00:02] Threatening mate with Ke4.} Ke7 50. Nxb5 {[%emt 0:00:42] White mates.} Bc1 51. a4 Bd2 52. Nd4 Kd6 53. Nc2 Kd5 54. a5 Kc6 55. Ke4 Kb5 56. Ke5 Bc3+ 57. Ke6 Kc4 58. a6 {[%emt 0:00:19] Weighted Error Value: White=0.15 (very precise) /Black=0.49} 1-0

[Event "Chessable English Womens-ch 2022"]
[Site "Kenilwoth"]
[Date "2022.05.22"]
[Round "7.3"]
[White "Subramanian, Anusha"]
[Black "Catabay, Mae Katelyn Rose"]
[Result "0-1"]
[ECO "E61"]
[WhiteElo "1671"]
[BlackElo "1321"]
[Annotator "NA RC COMBH"]
[PlyCount "80"]
[EventDate "2022.05.18"]
[EventType "swiss"]
[EventCountry "ENG"]
[SourceTitle "playchess.com"]
[Source "ChessBase"]
[SourceQuality "1"]
[TimeControl "5400+30"]

1. d4 Nf6 2. c4 g6 3. Nc3 Bg7 4. Nf3 d6 5. e3 Nbd7 6. Be2 O-O 7. O-O Re8 8. b3 c5 9. Bb2 a6 10. Rc1 b6 11. Qc2 Bb7 12. d5 e5 13. Nd2 Nf8 14. Bd3 Bc8 15. Ne2 Ng4 16. h3 Nh6 17. e4 f5 18. f4 Bd7 19. a4 Ra7 20. Nf3 Bc8 21. Bc3 Rae7 22. fxe5 dxe5 23. Bd2 f4 24. Kh2 Rf7 25. g3 g5 26. Nfg1 Ng6 27. Qd1 Ref8 28. Bb1 f3 29. Nc3 f2 30. Nge2 Qd7 31. Nf4 exf4 32. g4 Qd6 33. Rxf2 f3+ 34. Kh1 Qg3 35. Qf1 Bd4 36. Rh2 Nh4 37. Nd1 f2 38. Nxf2 Rxf2 39. Rxf2 Rxf2 40. Qg1 Qxh3+ 0-1

[Event "Chessable English Womens-ch 2022"]
[Site "Kenilwoth"]
[Date "2022.05.22"]
[Round "7.4"]
[White "Mohan, Meghana"]
[Black "Pert, Nina"]
[Result "0-1"]
[ECO "B12"]
[WhiteElo "1613"]
[BlackElo "1620"]
[Annotator "NA RC COMBH"]
[PlyCount "20"]
[EventDate "2022.05.18"]
[EventType "swiss"]
[EventCountry "ENG"]
[SourceTitle "playchess.com"]
[Source "ChessBase"]
[SourceQuality "1"]
[TimeControl "5400+30"]

1. e4 c6 2. d4 d5 3. e5 Bf5 4. h4 c5 5. dxc5 Nc6 6. Qh5 e6 7. Qe2 Nd4 8. Qd1 Nxc2+ 9. Kd2 Qa5+ 10. Nc3 Nxa1 0-1

[Event "Chessable English Womens-ch 2022"]
[Site "Kenilwoth"]
[Date "2022.05.22"]
[Round "7.5"]
[White "Milewska, Agnieszka"]
[Black "Oh, Julie"]
[Result "1/2-1/2"]
[ECO "E10"]
[WhiteElo "1677"]
[BlackElo "1373"]
[Annotator "NA RC COMBH"]
[PlyCount "64"]
[EventDate "2022.05.18"]
[EventType "swiss"]
[EventCountry "ENG"]
[SourceTitle "playchess.com"]
[Source "ChessBase"]
[SourceQuality "1"]
[TimeControl "5400+30"]

1. d4 e6 2. c4 c5 3. e3 Nf6 4. Nc3 a6 5. Nf3 Be7 6. g3 cxd4 7. Nxd4 Qc7 8. Qb3 Nc6 9. Be2 Bb4 10. O-O Bxc3 11. Qxc3 h5 12. b4 b6 13. Bf3 Bb7 14. Nxc6 Bxc6 15. Bxc6 Qxc6 16. Bb2 h4 17. f3 hxg3 18. hxg3 Rh6 19. e4 O-O-O 20. Kg2 Rdh8 21. Rh1 Rxh1 22. Rxh1 Rxh1 23. Kxh1 Qd6 24. Kg2 Qd1 25. Qd4 Qe2+ 26. Qf2 Qxc4 27. Bxf6 gxf6 28. Qxb6 Qxa2+ 29. Kh3 Qc4 30. Qd6 Qc6 31. Qf8+ Kc7 32. Qxf7 e5 1/2-1/2